AoeStats
← KUANCHO26

Arabia

509535626Analyzed
1v1 RM · 7d ago on Sep 27, 2026· 45m 17s· 2 players
Game mode
Random Map
Map size
Tiny (2 player)
Population
200
Speed
Normal
Resources
Standard
Victory
Conquest
Starting age
Dark Age
Ending age
Imperial Age
RankedLock teamsTeams togetherTeam positionsShared explorationLock speedFull tech treeHidden civsTurbo modeCheats
Victory
Defeat
🇺🇸 Aztecs · United States
789
+16
🇦🇷 Italians · Argentina
790
-16
And Reed
5:38 Loom
10:26 Feudal Age
20:12 Castle Age
20:48 Double-Bit Axe
20:47 Horse Collar
21:39 Fletching
23:16 Wheelbarrow
25:40 Scale Mail Armor
26:40 Bow Saw
26:23 Gold Mining
27:55 Heavy Plow
27:48 Elite Skirmisher
30:14 Eagle Warrior
32:24 Sanctity
32:26 Hand Cart
31:57 Town Watch
37:51 Imperial Age
35:59 Forging
36:04 Chain Mail Armor
37:11 Hand Cart
37:39 Squires
38:44 Atlatl
39:41 Theocracy
39:39 Illumination
39:32 Block Printing
42:42 Arson
44:39 Garland Wars
KUANCHO26
7:51 Loom
11:05 Feudal Age
11:41 Double-Bit Axe
15:04 Wheelbarrow
23:14 Castle Age
21:08 Fletching
22:41 Padded Archer Armor
23:14 Scale Barding Armor
24:02 Forging
24:11 Crossbowman
25:12 Leather Archer Armor
24:54 Bodkin Arrow
26:31 Town Watch
26:48 Horse Collar
32:13 Hand Cart
34:48 Murder Holes
35:13 Ballistics
36:00 Thumb Ring
38:37 Imperial Age
36:56 Bloodlines
36:47 Husbandry
37:38 Bow Saw
37:48 Leather Archer Armor
38:53 Thumb Ring
39:35 Light Cavalry
40:46 Arbalester
43:10 Gold Mining
44:14 Iron Casting
43:59 Chain Barding Armor
45:03 Chemistry
Connection lost

Rejoining the realm…

Still unreachable

The connection could not be restored.

Session expired

The server has moved on; the page needs a fresh start.